 Dungeon Crawl Stone Soup version 0.31-a0-620-gd1cbd99268 (webtiles) character file.

Game seed: 13684274365361657555

42 horus123 the Digger (level 3, 0/26 HPs)
             Began as a Demigod Earth Elementalist on Aug 24, 2023.
             Slain by Sigmund
             ... wielding a +0 scythe
              (5 damage)
             ... on level 2 of the Dungeon.
             The game lasted 00:02:44 (1133 turns).

horus123 the Digger (Demigod Earth Elementalist)    Turns: 1133, Time: 00:02:45

Health: 0/26       AC:  2    Str:  9    XL:     3   Next: 19%
Magic:  6/10       EV: 12    Int: 21    God:
Gold:   81         SH:  0    Dex: 14    Spells: 4/8 levels left

rFire   . . .        h - +0 flail
rCold   . . .        (no shield)
rNeg    . . .        a - +0 robe
rPois   .            (no helmet)
rElec   .            (no cloak)
rCorr   .            (no gloves)
SInv    .            (no boots)
Will    .....        (no amulet)
Stlth   ++           (no ring)
HPRegen 0.24/turn    (no ring)
MPRegen 0.12/turn

%: no passive effects
@: no status effects
A: high MP 1, forlorn, divine attributes
a: no special abilities


You were on level 2 of the Dungeon.
You visited 1 branch of the dungeon, and saw 2 of its levels.

You collected 151 gold pieces.
You spent 70 gold pieces at shops.

Inventory:

Hand Weapons
 d - a +0 hand axe
 h - a +0 flail (weapon)
Armour
 a - a +0 robe (worn)
Jewellery
 i - a ring of ice
Scrolls
 c - a scroll of amnesia {unknown}
 g - a scroll of torment {unknown}
 j - 2 scrolls of enchant weapon {unknown}
Potions
 b - a potion of magic
 e - a potion of enlightenment
 f - a potion of attraction {unknown}


   Skills:
 - Level 1.7 Dodging
 - Level 1.7 Stealth
 - Level 3.0 Spellcasting
 - Level 0.8 Transmutations
 + Level 3.1 Earth Magic


You had 4 spell levels left.
You knew the following spells:

 Your Spells              Type           Power      Damage    Failure   Level
a - Sandblast             Erth           32%        2d9       3%          1
b - Stone Arrow           Conj/Erth      18%        3d8       22%         3

Your spell library contained the following spells:

 Spells                   Type           Power      Damage    Failure   Level
 Passwall                 Tmut/Erth      9%         N/A       9%          2
 Petrify                  Tmut/Erth      11%        N/A       52%         4


Dungeon Overview and Level Annotations

Branches:
Dungeon (2/15)

Shops:
D:1 *![!

Annotations:
D:2 Sigmund


Innate Abilities, Weirdness & Mutations

You have an increased reservoir of magic. (+10% MP)
You shall have no god before yourself.
Your divine heritage dramatically boosts your attributes as you level up.


Message History

You're too confused to move!
You bump into the rock wall.
Sigmund misses you.
You're too confused to move!
The giant cockroach barely misses you. Sigmund closely misses you.
You feel less confused. The giant cockroach misses you.
You barely miss the giant cockroach. The giant cockroach barely misses you.
Sigmund screams, "Die, monster!"
Sigmund casts a spell.
Sigmund flickers and vanishes!
Deactivating autopickup; reactivate with Ctrl-A.
The giant cockroach barely misses you.
Unknown command.
Aiming: Sandblast (safe; 3% risk of failure)
Press: ? - help, Q - select action Shift-Dir - straight line, f - giant cockroach
Aim: a giant cockroach (82% to hit)
The blast of sand hits the giant cockroach!
You kill the giant cockroach!
Something hits you.
Aiming: Sandblast (safe; 3% risk of failure)
Press: ? - help, Q - select action Shift-Dir - straight line Something barely misses you.
Aiming: Sandblast (safe; 3% risk of failure)
Press: ? - help, Q - select action Shift-Dir - straight line The blast of sand hits something!
A magic dart appears from out of thin air!
The magic dart hits you!
Aiming: Sandblast (safe; 3% risk of failure)
Press: ? - help, Q - select action Shift-Dir - straight line The blast of sand hits something.
You hear some strange, mumbled words.
A puff of flame appears from out of thin air!
The puff of flame misses you.
Aiming: Sandblast (safe; 3% risk of failure)
Press: ? - help, Q - select action Shift-Dir - straight line The blast of sand hits something!
Something hits you!
* * * LOW HITPOINT WARNING * * *
Something hits you.
You die...

#.#.##.##...........
#.#.##.##........##.
#......##........##.
###.#####........###
#.# #........†.. #.#
#.......##.# #.#
#.......##.#
####.########.#####.#
#...@{..# ...# #.#
#)##.##...###.. #.# #
#......# #.## #.†
####...# #.# ###
#.......# .####
..##..#........ ###
.... #.#### ....


There were no monsters in sight!

Vanquished Creatures
  A gnoll (D:1)
  2 dart slugs (D:1)
  A bat (D:2)
  2 endoplasms (D:1)
  A giant cockroach (D:2)
  3 goblins
  A hobgoblin (D:1)
  5 jackals
  2 quokkas (D:2)
  3 ball pythons (D:1)
  A frilled lizard (D:1)
  A kobold (D:1)
  4 rats
27 creatures vanquished.

Notes
Turn   | Place    | Note
-------+----------+-------------------------------------------
     0 | D:1      | horus123 the Demigod Earth Elementalist began the quest for
                  | the Orb.
     0 | D:1      | Reached XP level 1. HP: 14/14 MP: 5/5
   210 | D:1      | Found Gaedoyd's Distillery.
   241 | D:1      | Bought a potion of enlightenment for 70 gold pieces
   313 | D:1      | Found Maocoink's Book Shoppe.
   383 | D:1      | Reached XP level 2. HP: 14/20 MP: 6/8
   425 | D:1      | Found Mugul's Distillery.
   431 | D:1      | HP: 1/20 [gnoll/+0 flail (9)]
   657 | D:1      | Found Xeng's Assorted Antiques.
   676 | D:1      | Found Soggur's Antique Armour Emporium.
   950 | D:2      | Reached XP level 3. HP: 25/26 MP: 7/10
   989 | D:2      | Learned a level 3 spell: Stone Arrow
  1117 | D:2      | Noticed Sigmund
  1133 | D:2      | Slain by Sigmund

Illustrated notes

Levels and vault maps discovered:
D:1:      psy_arrival_dodecagon, layout_basic, serial_shops, shop, shop, shop,
          shop, nicolae_shop_tiny_glass
D:2:      layout_loops_cross, uniq_sigmund

Skill      XL: |  1  2  3 |
---------------+----------+-----
Spellcasting   | 2 3 |  3.0
Earth Magic    | 3 |  3.1
Dodging        | |  1.7
Stealth        | |  1.7
Transmutations | |  0.8

Action                     || total
---------------------------++-------
  Melee: Unarmed           ||     3
         Flail             ||     2
   Cast: Sandblast         ||    45
 Armour: Robe              ||     1
  Dodge: Dodged            ||    23

Table legend: (Time is in decaauts)
 A = Elapsed time spent in this place.
 B = Non-inter-level travel time spent in this place.
 C = Inter-level travel time spent in this place.
 D = Time resting spent in this place.
 E = Time spent auto-exploring this place.
 F = Levels seen in this place.
 G = Mean time per level.
                   A        B        C        D        E       F      G
               +--------+--------+--------+--------+--------+-----+--------+
         Total |   1155 |   1109 |     46 |    130 |    794 |   2 |  577.5 |
       Dungeon |   1155 |   1109 |     46 |    130 |    794 |   2 |  577.5 |
               +--------+--------+--------+--------+--------+-----+--------+

Top non-repeatable levels by time:
     D:1: 923 daAuts
     D:2: 231 daAuts
